 Dungeon Sprint DCSS version 0.28.0-43-g3370ac3207 (webtiles) character file.

Game seed: 12029558540157392728

922 boopmooplesden the Spear-Bearer (level 7, -4/74 HPs)
             Began as a Minotaur Berserker on Mar 29, 2022.
             Was an Elder of Trog.
             Slain by a queen bee (8 damage)
             ... in the Dungeon (Sprint IV: "Fedhas' Mad Dash").
             The game lasted 00:02:14 (2241 turns).

boopmooplesden the Spear-Bearer (MiBe)              Turns: 2241, Time: 00:02:16

Health: -4/74      AC:  6    Str: 24    XL:     7   Next: 84%
Magic:  6/6        EV: 13    Int:  4    God:    Trog [****..]
Gold:   103        SH:  3    Dex: 13    Spells: 6/6 levels left

rFire   . . .      SeeInvis .   n - +3 mace "Suufeud" {vorpal, Str+2 Dex+2}
rCold   . . .      Faith    .   l - +0 buckler
rNeg    . . .      Spirit   .   i - +0 ring mail
rPois   .          Reflect  .   (helmet restricted)
rElec   .          Harm     .   (no cloak)
rCorr   .          Rampage  .   (no gloves)
Will    .....      NoTele   +   (no boots)
Stlth   ++........              j - amulet of invisibility {+Inv}
HPRegen 0.22/turn               (no ring)
MPRegen 0.10/turn               (no ring)

@: lethally poisoned (-4 -> -24), on berserk cooldown, very slightly
contaminated, slowed, very slow
A: horns 2, retaliatory headbutt
a: Renounce Religion, Evoke Invisibility, Berserk, Trog's Hand, Brothers in Arms


You were in the Dungeon.
You worshipped Trog.
Trog was greatly pleased with you.
You visited 1 branch You collected 103 gold pieces.

Inventory:

Hand Weapons
 a - a +0 spear
 n - the +3 mace "Suufeud" (weapon) {vorpal, Str+2 Dex+2}
   (You found it in the Dungeon)

   It inflicts extra damage upon your enemies.
   Str:       It affects your strength (+2).
   Dex:       It affects your dexterity (+2).
Armour
 b - a +0 animal skin
 i - a +0 ring mail (worn)
 l - a +0 buckler (worn)
Jewellery
 j - the amulet of invisibility (around neck) {+Inv}
   (You found it in the Dungeon)

   [amulet of nothing]

   +Inv:      It lets you turn invisible.
Wands
 k - a wand of flame (23)
 m - a wand of iceblast (14)
Scrolls
 h - a scroll of blinking
Potions
 d - 2 potions of heal wounds
 e - a potion of haste
 f - 2 potions of magic
 g - a potion of berserk rage


   Skills:
 + Level 11.2 Fighting
 + Level 12.4 Polearms
 + Level 7.8 Armour
 + Level 5.8 Dodging
 + Level 4.5 Stealth
 + Level 4.7 Evocations


You had 6 spell levels left.
You didn't know any spells.
Your spell library was empty.

Dungeon Overview and Level Annotations

Branches:
Dungeon (1/1)

Altars:
Cheibriados
Dithmenos
Elyvilon
Gozag
Hepliaklqana
Kikubaaqudgha
Makhleb
Nemelex Xobeh
Okawaru
Qazlal
Ru
Sif Muna
Trog
Uskayaw
Vehumet
Wu Jian
Xom
Yredelemnul
Zin
The Shining One
Beogh
Jiyva
Lugonu

Shops:
D *?:?


Innate Abilities, Weirdness & Mutations

You have a pair of horns on your head.
You reflexively headbutt those who attack you in melee.


Message History

You feel yourself slow down. The queen bee completely misses you.
You barely miss the queen bee.
You headbutt the queen bee, but do no damage.
The queen bee stings you!
You are poisoned.
The queen bee poisons you! The queen bee stings you!
You are lethally poisoned!
The queen bee poisons you!
You closely miss the queen bee.
* * * LOW HITPOINT WARNING * * *
You feel extremely sick.
The queen bee closely misses you. x2; You furiously retaliate!
You headbutt the queen bee, but do no damage.
You thump the queen bee!
The queen bee is moderately wounded.
You flicker for a moment.
* * * LOW HITPOINT WARNING * * *
You feel extremely sick. The queen bee closely misses you.
You furiously retaliate!
You headbutt the queen bee! The queen bee closely misses you.
You feel better. The queen bee barely misses you.
The queen bee completely misses you.
You barely miss the queen bee. You headbutt the queen bee!
The queen bee is severely wounded.
The queen bee stings you!
* * * LOW HITPOINT WARNING * * *
The queen bee stings you but does no damage.
You hit the queen bee.
The queen bee is severely wounded.
You flicker back into view.
The queen bee barely misses you.
The queen bee stings you but does no damage.
You hit the queen bee.
You headbutt the queen bee, but do no damage.
The queen bee is almost dead.
The queen bee stings you!
* * * LOW HITPOINT WARNING * * *
You are lethally poisoned!
The queen bee poisons you! The queen bee stings you!
You die...

#####################
#<..P#.....#.....#.⌠.
#PP..'.(...'.#...'.._
#PPPP#.....#.#...#...
###############'##.._
#...♣........'...#._.
#..y@..♣.....#...####
#.....♣..♣..######
##+####+#####


You could see a queen bee.

Vanquished Creatures
  A burning bush (D)
  2 wandering mushrooms (D)
  3 scorpions (D)
  4 killer bees (D)
  4 oklob saplings (D)
  2 spriggans (D)
  A river rat (D)
  A rat (D)
18 creatures vanquished.

Notes
Turn   | Place    | Note
-------+----------+-------------------------------------------
     0 | D        | boopmooplesden the Minotaur Berserker began the quest for
                  | the Orb.
     0 | D        | Reached XP level 1. HP: 19/19 MP: 0/0
    16 | D        | Reached skill level 4 in Polearms
    16 | D        | Reached XP level 2. HP: 28/28 MP: 1/1
   253 | D        | Noticed an oklob sapling
   255 | D        | Killed an oklob sapling
   256 | D        | Reached skill level 5 in Fighting
   256 | D        | Reached skill level 6 in Polearms
   256 | D        | Reached XP level 3. HP: 37/37 MP: 2/2
   257 | D        | Noticed a scorpion
   257 | D        | Found the amulet of invisibility {+Inv}
   260 | D        | Killed a scorpion
   260 | D        | Reached ** piety under Trog
   261 | D        | Reached skill level 7 in Polearms
   261 | D        | Reached XP level 4. HP: 47/47 MP: 3/3
   312 | D        | Reached skill level 8 in Polearms
   772 | D        | Found an opulent altar of Gozag.
   772 | D        | Found a hazy altar of Hepliaklqana.
   772 | D        | Found a snail-covered altar of Cheibriados.
   773 | D        | Found a viscous altar of Jiyva.
   773 | D        | Found a burning altar of Makhleb.
   773 | D        | Found a sparkling altar of Nemelex Xobeh.
   773 | D        | Found a sacrificial altar of Ru.
   773 | D        | Found a shimmering blue altar of Sif Muna.
   773 | D        | Found a bloodstained altar of Trog.
   773 | D        | Found an ornate altar of the Wu Jian Council.
   773 | D        | Found a shimmering altar of Xom.
   773 | D        | Found a basalt altar of Yredelemnul.
   774 | D        | Found an iron altar of Okawaru.
   774 | D        | Found a shadowy altar of Dithmenos.
   774 | D        | Found a glowing silver altar of Zin.
   775 | D        | Found an ancient bone altar of Kikubaaqudgha.
   775 | D        | Found a hide-covered altar of Uskayaw.
   776 | D        | Found a stormy altar of Qazlal.
   776 | D        | Found a white marble altar of Elyvilon.
   776 | D        | Found a glowing golden altar of the Shining One.
   777 | D        | Found a corrupted altar of Lugonu.
   777 | D        | Found a radiant altar of Vehumet.
   783 | D        | Reached skill level 9 in Polearms
   783 | D        | Reached skill level 1 in Evocations
   783 | D        | Reached XP level 5. HP: 56/56 MP: 1/4
   814 | D        | Reached *** piety under Trog
   815 | D        | Reached skill level 1 in Stealth
   967 | D        | Reached skill level 10 in Polearms
   967 | D        | Reached skill level 5 in Armour
   971 | D        | Reached XP level 6. HP: 63/63 MP: 5/5
  1309 | D        | Found Ogret's Magic Scroll Shop.
  1309 | D        | Found Yvva's General Store.
  1317 | D        | Noticed a burning bush
  1317 | D        | Noticed a wandering mushroom
  1318 | D        | Noticed a wandering mushroom
  1326 | D        | Killed a wandering mushroom
  1327 | D        | Reached skill level 10 in Fighting
  1327 | D        | Reached skill level 11 in Polearms
  1327 | D        | Reached skill level 5 in Dodging
  1329 | D        | Reached **** piety under Trog
  1330 | D        | Reached XP level 7. HP: 73/73 MP: 6/6
  1960 | D        | Killed a burning bush
  1961 | D        | Reached skill level 12 in Polearms
  1965 | D        | Found Olerhom's Magic Scroll Emporium.
  1965 | D        | Found Wiroc's Book Shoppe.
  1969 | D        | Identified the +3 mace "Suufeud" {vorpal, Str+2 Dex+2}
  2221 | D        | Noticed a queen bee
  2241 | D        | Slain by a queen bee

Illustrated notes

Levels and vault maps discovered:
D:        dungeon_sprint_fedhas [sprint_temple]

Skill      XL: |  1  2  3  4  5  6  7 |
---------------+----------------------+-----
Fighting       | 4 5 7 8 9 10 11 | 11.2
Polearms       | 4 6 7 9 10 11 12 | 12.4
Armour         | 3 4 5 6 7 |  7.8
Dodging        | 3 4 5 |  5.8
Evocations     | 1 2 3 4 |  4.7
Stealth        | 2 3 4 |  4.5

Action                   |  1- 3 |  4- 6 |  7- 9 || total
-------------------------+-------+-------+-------++-------
Melee: Spear             |    13 |    19 |    29 ||    61
       Headbutt          |     1 |     9 |    17 ||    27
       Mace              |       |       |    13 ||    13
Invok: Berserk           |     2 |     4 |     2 ||     8
 Abil: Evoke Invisibilit |       |     3 |     1 ||     4
  Use: Potion            |       |       |     1 ||     1
 Stab: Invisible         |       |     2 |       ||     2
Armor: Ring mail         |       |     2 |     5 ||     7
Dodge: Dodged            |     7 |     4 |    29 ||    40
Block: Buckler           |       |       |     4 ||     4
